 Dungeon Crawl Stone Soup version 0.30.0-10-gfe55d96785 (webtiles) character file.

Game seed: 7341848344185945099

64 qqq123 the Covered (level 4, -2/29 HPs)
             Began as a Gargoyle Fighter on May 14, 2023.
             Slain by Sigmund
             ... wielding a +1 scythe of venom
              (9 damage)
             ... on level 2 of the Dungeon.
             The game lasted 00:05:29 (696 turns).

qqq123 the Covered (Gargoyle Fighter)                Turns: 696, Time: 00:05:30

Health: -2/29      AC: 10    Str: 21    XL:     4   Next: 12%
Magic:  4/4        EV:  6    Int:  9    God:
Gold:   42         SH:  4    Dex:  9    Spells: 3/3 levels left

rFire   . . .        a - +0 war axe
rCold   . . .        c - +0 buckler
rNeg    + . .        b - +0 scale mail
rPois   ∞            (no helmet)
rElec   +            (no cloak)
rCorr   .            (no gloves)
SInv    .            (no boots)
Will    .....        (no amulet) Stlth
                     (no ring)
HPRegen 0.24/turn    (no ring)
MPRegen 0.09/turn

%: no passive effects
@: constricted
A: sickness immunity, AC +3, negative energy resistance 1, electricity
resistance, torment resistance 1, petrification resistance
a: no special abilities


You were on level 2 of the Dungeon.
You visited 1 branch of the dungeon, and saw 2 of its levels.

You collected 42 gold pieces.

Inventory:

Hand Weapons
 a - a +0 war axe (weapon)
Armour
 b - a +0 scale mail (worn)
 c - a +0 buckler (worn)
Scrolls
 e - a scroll of blinking {unknown}
 f - a scroll of amnesia {unknown}
 g - a scroll of fog {unknown}
 i - a scroll of identify {unknown}
 j - a scroll of acquirement {unknown}
 n - a scroll of immolation {unknown}
Potions
 d - a potion of might
 h - 5 potions of attraction {unknown}
 k - a potion of curing {unknown}
 l - 2 potions of resistance {unknown}
 m - a potion of brilliance


   Skills:
 * Level 3.9 Fighting
 + Level 2.4 Axes
 + Level 4.0 Armour
 + Level 0.7 Dodging
 + Level 3.5 Shields


You had 3 spell levels left.
You didn't know any spells.
Your spell library was empty.

Dungeon Overview and Level Annotations

Branches:
Dungeon (2/15)

Altars:

Shops:
D:1 (

Annotations:
D:2 Robin, Sigmund


Innate Abilities, Weirdness & Mutations

You are immune to sickness and miasma.
Your stone body is resilient. (AC +3)
You are immune to poison.
You resist negative energy. (rN+)
You are resistant to electric shocks. (rElec)
You are resistant to unholy torment.
You are immune to petrification.


Message History

You barely miss the goblin. You hit the goblin. You miss the goblin.
The goblin closely misses you. The goblin barely misses you.
You block the goblin's attack. Something hits you.
The goblin hits you but does no damage. The goblin closely misses you.
The goblin misses you.
You hit the goblin.
The goblin is moderately wounded.
You closely miss the goblin. You miss the goblin.
You block the goblin's attack. The goblin barely misses you.
The goblin hits you but does no damage.
You closely miss the goblin.
The goblin is moderately wounded.
You closely miss the goblin. You barely miss the goblin.
The goblin no longer looks unusually strong.
Something hits you but does no damage. The goblin hits you but does no damage.
You block the goblin's attack. The goblin barely misses you.
You slash the goblin!
You kill the goblin!
You slash the goblin!
You kill the goblin!
You closely miss the goblin. The goblin hits you with a +0 dagger.
Something hits you but does no damage. Robin throws the goblin at you!
The goblin closely misses you. The goblin hits you with a +0 club.
* * * LOW HITPOINT WARNING * * *
The goblin hits you but does no damage. x2
You barely miss the goblin. You slash the goblin!
You kill the goblin!
You closely miss the goblin. Something hits you but does no damage.
You block the goblin's attack. The goblin barely misses you.
You slash the goblin!
You kill the goblin!
You hit the goblin.
You kill the goblin!
You block something's attack. The kobold hits you but does no damage.
Your Armour skill increases to level 4!
You barely miss the ball python. You completely miss the adder.
You barely miss the kobold. You block the adder's attack.
You block the ball python's attack. The ball python grabs you.
The ball python constricts you. Something hits you!
You die...

# .. ... ....
...$. .....g###
########
....gBS@###
#.......
.######SK.##
#.###### ###{.#
#...##
#..########..##
#.....)@.###..##
#.######.####..#
#.# #.#...#.#
#.# #.#...#.#
#.. #.@...#..


You could see Robin, an adder, a giant cockroach, a goblin, a ball python and a
kobold.

Vanquished Creatures
  An adder (D:2)
  2 dart slugs (D:1)
  2 ball pythons (D:1)
  4 bats
  3 endoplasms
  2 giant cockroaches (D:1)
  3 hobgoblins
  5 kobolds
  2 quokkas (D:1)
  2 frilled lizards (D:2)
  13 goblins
  3 rats (D:1)
42 creatures vanquished.

Notes
Turn   | Place    | Note
-------+----------+-------------------------------------------
     0 | D:1      | qqq123 the Gargoyle Fighter began the quest for the Orb.
     0 | D:1      | Reached XP level 1. HP: 14/14 MP: 1/1
   151 | D:1      | Found Palla's Weapon Boutique.
   163 | D:1      | Reached XP level 2. HP: 19/19 MP: 2/2
   393 | D:1      | Reached XP level 3. HP: 24/24 MP: 3/3
   650 | D:2      | Noticed Sigmund
   681 | D:2      | Noticed Robin
   689 | D:2      | Reached XP level 4. HP: 27/29 MP: 4/4
   696 | D:2      | Reached skill level 4 in Armour
   696 | D:2      | Slain by Sigmund

Illustrated notes

Levels and vault maps discovered:
D:1:      eino_arrival_druids_welcome, layout_rooms, serial_shops,
          nicolae_shop_waterfront, minmay_indecisive_spiral
D:2:      layout_rooms, shapermc_ecumenical_altar_mp_highgroup, uniq_sigmund,
          uniq_robin

Skill      XL: |  1  2  3  4 |
---------------+-------------+-----
Axes           | 2 |  2.4
Armour         | 4 |  4.0
Fighting       | |  3.9
Dodging        | |  0.7
Shields        | |  3.5

Action                     |  1- 3 |  4- 6 || total
---------------------------+-------+-------++-------
  Melee: War axe           |   102 |     8 ||   110
 Armour: Scale mail        |    89 |    10 ||    99
  Dodge: Dodged            |    85 |     8 ||    93
  Block: Buckler           |    25 |     8 ||    33
